 Dungeon Crawl Stone Soup version 0.24-a0-584-g9d6b971 (webtiles) character file.

Game seed: 17416696683230461419, levelgen mode: deterministic

886 COBRA the Fighter (level 8, -3/71 HPs)
             Began as a Barachi Fighter on Sept 5, 2019.
             Slain by a black bear (5 damage)
             ... on level 6 of the Dungeon.
             The game lasted 00:04:58 (2052 turns).

COBRA the Fighter (Barachi Fighter)                 Turns: 2052, Time: 00:04:59

Health: -3/71      AC:  6    Str: 19    XL:     8   Next: 5%
Magic:  8/8        EV:  7    Int: 15    God:
Gold:   150        SH:  9    Dex: 12    Spells: 7/7 levels left

rFire    + . .     SeeInvis .   a - +0 war axe
rCold    x . .     Gourm    .   c - +0 shield
rNeg     . . .     Faith    .   b - +0 scale mail
rPois    .         Spirit   .   (no helmet)
rElec    .         Reflect  .   (no cloak)
rCorr    .         Harm     .   (no gloves)
MR       .....                  (no boots)
Stlth    ..........             (no amulet)
HPRegen  0.21/turn              e - +6 ring of intelligence
MPRegen  0.11/turn              m - ring of fire

@: drained, slow
A: +LOS, swims, slowness 1, strong legs 1
a: Hop


You were on level 6 of the Dungeon.
You were hungry.

You visited 1 branch of the dungeon, and saw 6 of its levels.

You collected 150 gold pieces.

Inventory:

Hand Weapons
 a - a +0 war axe (weapon)
 i - a +1 whip of venom
Armour
 b - a +0 scale mail (worn)
 c - a +0 shield (worn)
Jewellery
 e - a +6 ring of intelligence (left hand)
 l - an uncursed ring of flight
 m - a ring of fire (right hand)
Wands
 k - a wand of scattershot (4)
Scrolls
 g - a scroll of fog
 h - 5 scrolls of remove curse
 j - a scroll of fear
 n - 2 scrolls of teleportation
 t - a scroll of blinking
 w - a scroll of immolation
Potions
 d - a potion of might
 o - 2 potions of agility
 q - 2 potions of degeneration {unknown}
 r - 2 potions of brilliance
 s - a potion of curing
Comestibles
 f - 8 rations


   Skills:
 * Level 9.0(8.3) Fighting
 - Level 3.1(4.0) Axes
 - Level 5.4(5.2) Maces & Flails
 - Level 3.6(3.0) Armour
 - Level 3.2(2.6) Shields


You had 7 spell levels left.
You didn't know any spells.
Your spell library was empty.

Dungeon Overview and Level Annotations

Branches:
Dungeon (6/15)
 Temple: D:4-7

Altars:
Qazlal


Innate Abilities, Weirdness & Mutations

Shadows flee at your approach. (+LOS)
You can swim through water.
You cover ground slowly.
You can hop short distances.


Message History

You block the black bear's attack.
You hit the black bear but do no damage.
The black bear is severely wounded.
The black bear bites you. You block the black bear's attack.
The black bear barely misses you. The black bear bites you.
* * * LOW HITPOINT WARNING * * *
The black bear claws you.
* * * LOW HITPOINT WARNING * * *
The black bear completely misses you.
You are too injured to fight recklessly!
You are too injured to fight recklessly!
It was a potion of cancellation.
You feel magically purged. The black bear bites you!
* * * LOW HITPOINT WARNING * * *
You block the black bear's attack.
The black bear claws you but does no damage.
The black bear bites you.
* * * LOW HITPOINT WARNING * * *
The black bear closely misses you. The black bear claws you.
You die...

#..#.# ......
#..#.# #..#.#
#..#.# #. #..#.#
###..####..#.#
.............#.#
.#####. #.).)@h..#
.(.....##)#..#)..#
.........[#..#...#
#######(.#..#...#
#..#......#
########..#..#...#
..........#..#...#
########.##..#...#
#.##......#


You could see a black bear (berserk).

Vanquished Creatures
  Pikel (D:4)
  A sky beast (D:4)
  4 wights (D:6)
  2 howler monkeys (D:5)
  2 worker ants (D:4)
  A hound skeleton (D:5)
  2 adders
  An adder skeleton (D:4)
  3 leopard geckos
  6 orcs
  A ball python (D:1)
  A giant cockroach (D:1)
  4 goblins
  3 hobgoblins
  4 jackals (D:1)
  3 bats
  3 frilled lizards
  7 kobolds
  2 rats
51 creatures vanquished.

Vanquished Creatures (others)
  An orc (D:4)
  A frilled lizard (D:4)
2 creatures vanquished.

Grand Total: 53 creatures vanquished

Notes
Turn   | Place    | Note
-------+----------+-------------------------------------------
     0 | D:1      | COBRA the Barachi Fighter began the quest for the Orb.
     0 | D:1      | Reached XP level 1. HP: 18/18 MP: 1/1
    41 | D:1      | You fall into a shaft and drop 1 floor!
    85 | D:1      | Reached XP level 2. HP: 24/24 MP: 2/2
   375 | D:1      | Reached skill level 1 in Maces & Flails
   443 | D:2      | Reached XP level 3. HP: 28/29 MP: 3/3
   559 | D:2      | Noticed an earth elemental
   562 | D:2      | Found a stormy altar of Qazlal.
   562 | D:2      | Noticed an air elemental
   563 | D:2      | Noticed a water elemental
   979 | D:2      | Noticed a fire elemental
  1099 | D:4      | Reached XP level 4. HP: 33/36 MP: 4/4
  1100 | D:4      | Noticed a sky beast
  1116 | D:4      | Killed a sky beast
  1116 | D:4      | Reached skill level 5 in Maces & Flails
  1116 | D:4      | Reached XP level 5. HP: 22/41 MP: 5/5
  1565 | D:4      | Noticed a slave
  1566 | D:4      | Noticed a slave
  1569 | D:4      | Noticed a slave
  1572 | D:4      | Noticed a slave
  1573 | D:4      | Noticed Pikel
  1594 | D:4      | Killed Pikel
  1594 | D:4      | Reached skill level 7 in Fighting
  1594 | D:4      | Reached XP level 6. HP: 47/55 MP: 6/6
  1594 | D:4      | Reached XP level 7. HP: 52/60 MP: 7/7
  1749 | D:5      | Entered Level 5 of the Dungeon
  1805 | D:5      | Reached skill level 8 in Fighting
  2036 | D:6      | Reached XP level 8. HP: 59/70 MP: 8/8
  2042 | D:6      | Reached skill level 9 in Fighting
  2052 | D:6      | HP: 2/71 [black bear (6)]
  2052 | D:6      | Slain by a black bear

Levels and vault maps discovered:
D:1:      ncdulo_smallfort, layout_loops_ring
D:2:      layout_basic, lemuel_coloured_pillars_altar,
          nicolae_qazlal_style_of_elements, grunt_decor_arrowhead, minivault_24
D:3:      layout_loops_ring, portal_sewer_entry_d, grunt_ministairs_7,
          chequers_jeans
D:4:      layout_layer_cave, trog_three_pillars_becter, uniq_pikel
D:5:      layout_basic, kennysheep_little_box, makhleb_grotto_becter,
          serial_shops, nicolae_shop_competitors_out_of_business, first_ration
D:6:      layout_basic, minmay_temple_entry_glass, serial_shops,
          nicolae_shop_overgrown_old_shop, biasface_ghost_orc_armoury

Skill      XL: |  1  2  3  4  5  6  7  8 |
---------------+-------------------------+-----
Axes           | 3 |  3.1
Maces & Flails | 1 3 5 |  5.4
Fighting       | 7 8 9 |  9.0
Armour         | |  3.6
Shields        | |  3.2

Action                   |  1- 3 |  4- 6 |  7- 9 || total
-------------------------+-------+-------+-------++-------
Melee: War axe           |     8 |       |    24 ||    32
       Whip              |    93 |    34 |    33 ||   160
  Use: Scroll            |     4 |     5 |     2 ||    11
       Potion            |       |     2 |     1 ||     3
  Eat: Chunk             |       |     2 |     2 ||     4
Armor: Scale mail        |    24 |    13 |    29 ||    66
Dodge: Dodged            |    35 |     3 |    20 ||    58
Block: Shield            |    52 |    13 |    33 ||    98

Table legend:
 A = Non-vault XP
 B = Vault XP
 C = Vault XP percentage of total XP
 D = Non-vault monster count
 E = Vault monster count
 F = Vault count percentage of total count
                 A         B        C        D         E       F
            +---------+---------+-------+---------+---------+-------
      Total |     656 |     610 |  48.2 |      48 |       3 |   5.9
            +---------+---------+-------+---------+---------+-------
        D:1 |      30 |       0 |   0.0 |      16 |       0 |   0.0
        D:2 |       4 |       0 |   0.0 |       2 |       0 |   0.0
        D:3 |      45 |       3 |   6.2 |      16 |       2 |  11.1
        D:4 |     221 |     607 |  73.3 |       6 |       1 |  14.3
        D:5 |     125 |       0 |   0.0 |       4 |       0 |   0.0
        D:6 |     231 |       0 |   0.0 |       4 |       0 |   0.0
            +---------+---------+-------+---------+---------+-------
